 Dungeon Sprint DCSS version 0.16.2-2-g470672f (webtiles) character file.

800000 ztt the Blinker (level 12, -27/113 HPs)
             Began as a Ghoul Warper on Aug 27, 2015.
             Was a Follower of Makhleb.
             Annihilated by a meat berserker
             ... wielding a +9 battleaxe
              (58 damage)
             ... in the Dungeon (Sprint VIII: "Arena of Blood").
             The game lasted 00:00:16 (8 turns).

ztt the Blinker (Ghoul Warper)                         Turns: 8, Time: 00:00:16

Health: -27/113    AC:  3    Str: 17    XL:     12   Next: 85%
Magic:  2/31       EV: 16    Int:  8    God:    Makhleb [*.....]
Gold:   0          SH:  0    Dex: 11    Spells: 1 memorised, 32 levels left

rFire  . . .     SeeInvis .     j - +∞ Axe of Woe
rCold  + . .     Clarity  .     b - +0 leather armour
rNeg   + + +     SustAb   .     (no shield)
rPois  ∞         Gourm    .     (no helmet)
rElec  .         Spirit   .     (no cloak)
rCorr  .         Warding  .     (no gloves)
rMut   .         NoTele   +     (no boots)
MR     .....                    (no amulet)
Stlth  +.........               (no ring)
                                (no ring)

@: rotting, not resistant to hostile enchantments, very unstealthy
A: rotting body, claws 1, carnivore 3, cold resistance 1, negative energy
resistance 3, poison resistance, slow healing 1, torment resistance, unbreathing
a: Renounce Religion


You were in the Dungeon.
You worshipped Makhleb.
Makhleb was aware of your devotion.
You were not hungry.

You visited 1 branch

Inventory:

Hand weapons
 a - a +0 hand axe
 j - the +∞ Axe of Woe (weapon)
   (You found it in the Dungeon)
Missiles
 e - 5 tomahawks of dispersal (quivered)
Armour
 b - a +0 leather armour (worn)
Scrolls
 d - 2 scrolls of blinking
Potions
 f - a potion of curing
 g - a potion of heal wounds
 h - a potion of haste
 i - 2 potions of magic
Books
 c - a book of Spatial Translocations

   Spells                             Type                      Level
   a - Apportation                    Translocation                1
   b - Blink                          Translocation                2
   c - Shroud of Golubria             Charms/Translocation         2
   d - Portal Projectile              Translocation                3
   e - Teleport Other                 Translocation                3
   f - Passage of Golubria            Translocation                4


   Skills:
 + Level 12.4 Fighting
 + Level 11.1 Axes
 + Level 3.8 Throwing
 + Level 3.0 Armour
 + Level 10.3 Dodging
 + Level 11.4 Spellcasting
 + Level 19.4 Translocations


You had 32 spell levels left.
You knew the following spells:

 Your Spells              Type           Power        Failure   Level  Hunger
a - Apportation           Tloc           #####.....   0%          1    None


Dungeon Overview and Level Annotations

Branches:
Dungeon (1/1)

Altars:
Makhleb


Innate Abilities, Weirdness & Mutations

Your body is rotting away.
You thrive on raw meat.
You have sharp fingernails.
You are carnivorous and can eat meat at any time.
Your flesh is cold resistant.
You are immune to negative energy.
Your system is resistant to poisons.
You heal slowly when monsters are visible.
You are immune to unholy pain and torment.
You can survive without breathing.


Message History

Makhleb accepts your kill.
You can now gain health from killing.
You feel a little better.
Your Fighting skill gained 2 levels and is now at level 12!
Your Axes skill gained 2 levels and is now at level 11!
Your Armour skill increases to level 3!
Your Dodging skill increases to level 10!
Your Spellcasting skill increases to level 11!
Your Translocations skill gained 2 levels and is now at level 19!
You have reached level 12!
Your experience leads to an increase in your attributes!
Increase (S)trength, (I)ntelligence, or (D)exterity?
You feel agile.
You hear a shout! x14
The meat berserker hits you with a +9 battleaxe!!!
Ouch! That really hurt!
* * * LOW HITPOINT WARNING * * *
You hear a shout! x2
The meat berserker hits you with a +9 battleaxe!!!
Ouch! That really hurt!
You die...

.###... ..###.
......###......
........_.....
......#.....#
......#_.<._# .
......#.....#.....
.#........_........
.........###.......
....###)@O....###.
#..O....# #.......#
.......o..
........o..
...........
o....oo....
.#..o.oo. ...


You could see 2 meat berserkers and 8 bags of meat.

Vanquished Creatures
  2 orcs (D)
2 creatures vanquished.

Notes
Turn   | Place    | Note
--------------------------------------------------------------
     0 | D        | ztt, the Ghoul Warper, began the quest for the Orb.
     0 | D        | Reached XP level 1. HP: 17/17 MP: 2/2
     3 | D        | Noticed a bag of meat
     4 | D        | Noticed a bag of meat
     4 | D        | Became a worshipper of Makhleb the Destroyer
     6 | D        | Noticed a meat berserker
     6 | D        | Noticed a meat berserker
     7 | D        | Noticed a bag of meat
     7 | D        | Noticed a bag of meat
     8 | D        | Noticed a bag of meat
     8 | D        | Noticed a bag of meat
     8 | D        | Killed a bag of meat
     8 | D        | Reached skill level 10 in Fighting
     8 | D        | Reached skill level 10 in Spellcasting
     8 | D        | Reached skill level 17 in Translocations
     8 | D        | Reached XP level 2. HP: 21/39 MP: 2/16
     8 | D        | Reached XP level 3. HP: 24/46 MP: 2/18
     8 | D        | Reached XP level 4. HP: 27/53 MP: 2/20
     8 | D        | Reached XP level 5. HP: 30/59 MP: 2/21
     8 | D        | Reached XP level 6. HP: 34/67 MP: 2/23
     8 | D        | Reached XP level 7. HP: 37/73 MP: 2/24
     8 | D        | Reached XP level 8. HP: 41/81 MP: 2/25
     8 | D        | Reached XP level 9. HP: 43/86 MP: 2/27
     8 | D        | Reached XP level 10. HP: 47/94 MP: 2/27
     8 | D        | Reached XP level 11. HP: 50/101 MP: 2/28
     8 | D        | Killed a bag of meat
     8 | D        | Acquired Makhleb's first power
     8 | D        | Reached skill level 10 in Dodging
     8 | D        | Reached skill level 19 in Translocations
     8 | D        | Reached XP level 12. HP: 97/113 MP: 2/31
     8 | D        | Annihilated by a meat berserker

Action                   |  1- 3 |  4- 6 |  7- 9 | 10-12 || total
-------------------------+-------+-------+-------+-------++-------
Melee: Executioner's axe |     1 |       |       |       ||     1
